Map: Paladino Terminal LE

Players

Zest - Winner!

  • Race: Protoss Protoss
  • Spawn Location: 9:00

TRUE

  • Race: Zerg Zerg
  • Spawn Location: 5:00

Event: IEM XI Katowice - World Championship 2017

VOD

Have the link to the VOD?

Description

Time

  • Played on: March 3, 2017, 10:21 a.m.
  • Length: 8:19

All games in this series

Show
View Real Time Build Order
Export as new Build Order

Zest Protoss - Winner!

Build Orders:  

Get SALT Encoding   

  12  0:10  Pylon  
  12  0:13  Probe (Chrono Boost)  
  13  0:24  Probe (Chrono Boost)  
  14  0:31  Gateway  
  15  0:35  Probe (Chrono Boost)  
  15  0:46  Probe (Chrono Boost)  
  15  0:47  Assimilator  
  16  0:57  Probe (Chrono Boost)  
  17  1:01  Gateway  
  17  1:07  Probe (Chrono Boost)  
  18  1:18  Probe (Chrono Boost)  
  19  1:19  Cybernetics Core  
  19  1:53  Adept x2  
  23  2:03  Pylon  
  23  2:20  Adept  
  23  2:21  Adept  
  27  2:36  Probe (Chrono Boost)  
  28  2:39  Pylon  
  28  2:49  Probe (Chrono Boost)  
  28  3:01  Probe (Chrono Boost)  
  30  3:13  Probe (Chrono Boost)  
  30  3:25  Probe (Chrono Boost)  
  31  3:27  Nexus  
  31  3:32  Warp Gate  
  31  3:37  Probe (Chrono Boost)  
  32  3:41  Twilight Council  
  32  3:45  Assimilator  
  33  3:49  Probe (Chrono Boost)  
  33  4:01  Probe (Chrono Boost)  
  33  4:02  Pylon  
  34  4:06  Resonating Glaives  
  34  4:08  Gateway  
  34  4:09  Gateway  
  34  4:13  Probe (Chrono Boost)  
  36  4:25  Probe (Chrono Boost)  
  36  4:27  Adept  
  36  4:29  Adept  
  40  4:37  Probe (Chrono Boost)  
  41  4:40  Probe (Chrono Boost)  
  42  4:50  Probe (Chrono Boost)  
  42  4:52  Probe (Chrono Boost)  
  44  5:02  Probe (Chrono Boost)  
  44  5:04  Probe (Chrono Boost)  
  46  5:14  Probe (Chrono Boost)  
  47  5:16  Probe (Chrono Boost)  
  47  5:19  Pylon  
  48  5:26  Probe (Chrono Boost)  
  50  5:28  Probe (Chrono Boost)  
  50  5:29  Assimilator  
  50  5:34  Assimilator, Adept x4  
  58  5:42  Probe x2 (Chrono Boost)  
  60  5:44  Stargate  
  60  5:45  Stargate  
  60  5:49  Pylon  
  60  5:54  Probe x2 (Chrono Boost)  
  62  6:06  Probe x2 (Chrono Boost)  
  64  6:17  Probe (Chrono Boost)  
  67  6:18  Mothership Core (Chrono Boost)  
  67  6:20  Pylon  
  67  6:24  Phoenix  
  67  6:25  Phoenix  
  71  6:36  Pylon  
  71  6:46  Phoenix x2  
  71  6:49  Robotics Facility  
  71  6:50  Forge  
  75  7:08  Phoenix x2  
  75  7:12  Pylon  
  79  7:19  Robotics Facility  
  79  7:23  Nexus  
  79  7:24  Pylon  
  79  7:32  Adept x2  
  79  7:33  Adept x2  
  77  7:58  Adept x3  
Show
View Real Time Build Order
Export as new Build Order

TRUE Zerg 

Build Orders: 3 Hatch before Pool 

Get SALT Encoding   

  12  0:00  Drone  
  13  0:10  Drone  
  14  0:17  Extractor, Drone  
  15  0:42  Hatchery  
  14  1:08  Hatchery  
  13  1:11  Drone  
  14  1:20  Overlord  
  14  1:27  Extractor, Drone  
  15  1:41  Spawning Pool  
  15  1:45  Drone  
  15  1:49  Drone  
  15  1:53  Drone  
  17  1:57  Drone  
  19  2:08  Drone x3  
  21  2:27  Queen  
  21  2:29  Zergling x6  
  26  2:30  Zergling x2  
  26  2:33  Zergling x2  
  26  2:36  Zergling x2  
  29  2:43  Overlord  
  27  2:52  Zergling x2  
  27  2:57  Zergling x2  
  26  2:58  Queen  
  26  3:01  Zergling x2  
  26  3:03  Zergling x2  
  28  3:06  Zergling x2  
  28  3:11  Spore Crawler  
  25  3:18  Zergling x2  
  25  3:19  Zergling x2  
  27  3:21  Zergling x2  
  27  3:26  Zergling x2  
  28  3:32  Zergling x2  
  28  3:33  Zergling x2  
  30  3:39  Zergling x6  
  31  3:52  Drone x2  
  31  3:55  Drone  
  34  4:02  Extractor  
  33  4:03  Drone  
  33  4:07  Drone  
  35  4:18  Overlord  
  35  4:40  Drone x8  
  35  4:42  Overlord  
  43  4:53  Roach Warren  
  42  5:00  Drone x2  
  42  5:01  Extractor  
  42  5:04  Metabolic Boost  
  43  5:22  Drone x2  
  43  5:23  Overlord, Drone x2  
  47  5:33  Roach x2  
  51  5:43  Roach x3  
  51  5:44  Roach  
  59  5:50  Overlord  
  56  6:20  Zergling x2  
  56  6:21  Zergling x20  
  56  6:22  Overlord  
  67  6:26  Overlord  
  67  6:32  Overlord  
  67  6:46  Zergling x2  
  67  6:47  Zergling x10  
  73  6:53  Ravager x2  
  73  6:54  Ravager x2  
  76  6:56  Zergling x2  
  76  6:59  Zergling x2  
  79  7:06  Zergling x2  
  80  7:09  Zergling x2  
  80  7:13  Overlord  
  80  7:14  Zergling x4  
  83  7:19  Overlord x2  
  83  7:21  Spore Crawler  
  83  7:22  Zergling x2  
  83  7:23  Spore Crawler  
  83  7:24  Zergling x2  
  83  7:32  Zergling x2  
  83  7:33  Zergling x2  
  83  7:36  Zergling x2  
  82  7:40  Zergling x2  
  82  7:42  Zergling x4  
  73  7:45  Zergling x2  
  73  7:50  Zergling x2  
  73  7:51  Zergling x2  
  64  8:00  Zergling x8  

Tags
 
Add a new tag
Caveats
  • Supply blocks, unpowered buildings, or Contaminate may cause inaccurate times.
  • Supply counts are checked every 10 seconds.